 Dungeon Sprint DCSS version 0.30-a0-359-gd0147acb1a (webtiles) character file.

Game seed: 2538953515669635329

843 boopmooplesden the Carver (level 7, 0/78 HPs)
             Began as a Minotaur Berserker on Nov 11, 2022.
             Was an Elder of Trog.
             Slain by a water moccasin (4 damage)
             ... in the Dungeon (Sprint II: "The Violet Keep of Menkaure").
             The game lasted 00:02:03 (677 turns).

boopmooplesden the Carver (Minotaur Berserker)       Turns: 677, Time: 00:02:04

Health: 0/78       AC:  7    Str: 25    XL:     7   Next: 68%
Magic:  6/6        EV: 16    Int:  4    God:    Trog [****..]
Gold:   388        SH:  0    Dex: 21    Spells: 6/6 levels left

rFire   . . .      SeeInvis .    j - +7 war axe of Keek {vorpal, rPois rC- Str+4}
rCold   . . .      Faith    .    (no shield)
rNeg    . . .      Spirit   .    i - +1 ring mail of Objectivity {Drain rElec rC+ Dex+9}
rPois   +          Reflect  .    (helmet restricted)
rElec   +          Harm     .    (no cloak)
rCorr   .          Rampage  .    (no gloves)
Will    .....      NoTele   +    (no boots)
Stlth   +.........               (no amulet)
HPRegen 0.33/turn                (no ring)
MPRegen 0.10/turn                (no ring)

@: lethally poisoned (0 -> -6), very slow
A: horns 2, retaliatory headbutt
a: Renounce Religion, Berserk, Trog's Hand, Brothers in Arms


You were in the Dungeon.
You worshipped Trog.
Trog was greatly pleased with you.
You visited 1 branch You collected 729 gold pieces.
You spent 341 gold pieces at shops.

Inventory:

Hand Weapons
 a - a +0 falchion
 j - the +7 war axe of Keek (weapon) {vorpal, rPois rC- Str+4}
   (You bought it in a shop in the Dungeon)

   It inflicts extra damage upon your enemies.
   Str:       It affects your strength (+4).
   rC:        It makes you vulnerable to cold.
   rPois:     It protects you from poison.
Armour
 b - a +0 animal skin
 i - the +1 ring mail of Objectivity (worn) {Drain rElec rC+ Dex+9}
   (You bought it in a shop in the Dungeon)

   Dex:       It affects your dexterity (+9).
   rC:        It protects you from cold.
   rElec:     It insulates you from electricity.
   Drain:     It drains your maximum health when unequipped.
Scrolls
 h - a scroll of blinking
Potions
 c - a potion of curing
 d - 2 potions of heal wounds
 e - a potion of haste
 f - 2 potions of magic
 g - a potion of berserk rage


   Skills:
 + Level 12.9 Fighting
 + Level 13.3 Long Blades
 + Level 6.5 Armour
 + Level 6.8 Dodging


You had 6 spell levels left.
You didn't know any spells.
Your spell library was empty.

Dungeon Overview and Level Annotations

Branches:
Dungeon (1/1)

Altars:

Shops:
D !:[:==?(*?[[!=:

Annotations:
D exclusions: ice statue and oklob plant, Roxanne


Innate Abilities, Weirdness & Mutations

You have a pair of horns on your head.
You reflexively headbutt those who attack you in melee.


Message History

Unknown command.
There is an entrance to Punkodgh's Book Shop here.
Two slime creatures merge to form a large slime creature.
The slime creature jiggles.
Two slime creatures merge to form a very large slime creature.
There is an open door here.
You enter the shallow water.
Moving in this stuff is going to be slow.
There is an open door, spattered with blood here.
There is an open door, spattered with blood here.
There is a staircase leading out of the dungeon here.
There is an open door, spattered with blood here.
You see here a worm corpse.
There is an open door here.
You enter the shallow water.
Moving in this stuff is going to be slow.
You open the gate.
You are engulfed in freezing vapours.
You close the gate.
You are engulfed in freezing vapours.
A water moccasin comes into view.
The water moccasin hisses angrily.
The water moccasin bites you.
You are engulfed in a cloud of scalding steam.
* * * LOW HITPOINT WARNING * * *
The water moccasin is engulfed in a cloud of scalding steam.
The water moccasin bites you.
* * * LOW HITPOINT WARNING * * *
You are poisoned.
The water moccasin poisons you!
The water moccasin bites you but does no damage.
Your unstable footing causes you to fumble your attack.
* * * LOW HITPOINT WARNING * * *
You feel very sick. The water moccasin barely misses you.
The water moccasin bites you.
* * * LOW HITPOINT WARNING * * *
Your unstable footing causes you to fumble your attack.
* * * LOW HITPOINT WARNING * * *
You feel very sick.
The water moccasin bites you but does no damage.
The water moccasin bites you.
You die...

∩.∩#~~####...# #
.∩.#~##.###'## .## .#
∩..#~#.#.##.##B..# .#
...'~'###'.<.+# ..###
...#~#.#.##.##B..#...§##
▓###~##.###'# .##..§§..
####~~####††#####§~§§...
##~~~#..##.#~~~~§§~§§
#†#~##.#.##~@~§§~~§
#.#~~##'##~~S§§§§§§~
####~~~~~~~~~~≈§§§~~
#+++#+++#~≈≈≈§§
...○.○.##≈≈≈###
#...°.°.○. #≈≈#
+.....8.○... ≈≈#
##...○°°.○.##≈≈≈≈
##°○○○...## #


You could see a water moccasin.

Vanquished Creatures
  2 wyverns (D)
  Menkaure (D)
  A vampire mosquito (D)
  A water moccasin (D)
  4 necrophages (D)
  3 worms (D)
12 creatures vanquished.

Notes
Turn   | Place    | Note
-------+----------+-------------------------------------------
     0 | D        | boopmooplesden the Minotaur Berserker began the quest for
                  | the Orb.
     0 | D        | Reached XP level 1. HP: 19/19 MP: 0/0
     1 | D        | Noticed a necrophage
     1 | D        | Noticed a necrophage
     1 | D        | Noticed a necrophage
     1 | D        | Noticed a necrophage
     5 | D        | Killed a necrophage
     6 | D        | Reached skill level 6 in Long Blades
     6 | D        | Reached XP level 2. HP: 31/31 MP: 1/1
     6 | D        | Reached XP level 3. HP: 38/38 MP: 2/2
     7 | D        | Killed a necrophage
     8 | D        | Reached skill level 8 in Long Blades
     8 | D        | Reached XP level 4. HP: 48/48 MP: 3/3
    10 | D        | Killed a necrophage
    10 | D        | Reached ** piety under Trog
    11 | D        | Reached skill level 9 in Long Blades
    11 | D        | Reached XP level 5. HP: 57/57 MP: 4/4
    16 | D        | Reached skill level 5 in Armour
   172 | D        | Noticed Menkaure
   176 | D        | Identified Roxanne's Guidebook on Reformation
   176 | D        | Noticed Roxanne
   183 | D        | Killed Menkaure
   184 | D        | Reached skill level 10 in Fighting
   184 | D        | Reached skill level 10 in Long Blades
   184 | D        | Reached skill level 5 in Dodging
   184 | D        | Reached XP level 6. HP: 23/67 MP: 5/5
   325 | D        | Noticed a boulder beetle
   325 | D        | Noticed a boulder beetle
   329 | D        | Noticed a wyvern
   329 | D        | Noticed a wyvern
   336 | D        | Killed a wyvern
   337 | D        | Reached skill level 11 in Long Blades
   340 | D        | Killed a wyvern
   340 | D        | Reached *** piety under Trog
   341 | D        | Reached skill level 12 in Long Blades
   341 | D        | Reached XP level 7. HP: 45/77 MP: 6/6
   571 | D        | Noticed an ice statue
   590 | D        | Found Nacor's Distillery.
   590 | D        | Found Ymagexkap's Assorted Antiques.
   590 | D        | Found Punkodgh's Book Shop.
   590 | D        | Found Luepi Key's Magic Scroll Boutique.
   590 | D        | Found Pebul's Antique Armour Boutique.
   590 | D        | Found Casasin's Jewellery Boutique.
   591 | D        | Found Peentiru's Antique Armour Shop.
   591 | D        | Found Eheh's Antique Weapon Boutique.
   591 | D        | Found Naketit's Magic Scroll Shop.
   592 | D        | Found Arucwa Utuil's Jewellery Shop.
   592 | D        | Found Gobus's Jewellery Boutique.
   592 | D        | Noticed a slime creature
   599 | D        | Reached **** piety under Trog
   606 | D        | Noticed a vampire mosquito
   607 | D        | Killed a vampire mosquito
   608 | D        | Reached skill level 13 in Long Blades
   617 | D        | Found Juowkej's Book Boutique.
   617 | D        | Found Jor Puom's Antique Armour Shop.
   617 | D        | Noticed a slime creature
   617 | D        | Noticed a slime creature
   617 | D        | Noticed an oklob plant
   618 | D        | Found Fuxaest's Distillery.
   618 | D        | Found Hetipnuq's Book Shoppe.
   620 | D        | Noticed a great orb of eyes
   622 | D        | Bought a warped ring mail for 171 gold pieces
   622 | D        | Identified the +1 ring mail of Objectivity {Drain rElec rC+
                  | Dex+9} (You bought it in a shop in the Dungeon)
   633 | D        | Noticed a death yak
   634 | D        | Bought a translucent war axe for 170 gold pieces
   634 | D        | Identified the +7 war axe of Keek {vorpal, rPois rC- Str+4}
                  | (You bought it in a shop in the Dungeon)
   677 | D        | Slain by a water moccasin

Illustrated notes

Levels and vault maps discovered:
D:        the_violet_keep_of_menkaure [sprint2_stairs_cluster_1,
          sprint2_shoproom, sprint2_temple, sprint2_basic_supplies,
          sprint2_obstacle_2, sprint2_obstacle_4, sprint2_obstacle_6,
          sprint2_obstacle_5, sprint2_obstacle_7, sprint2_timed_cluster_1,
          sprint2_smallroom_cluster_1, sprint2_smallroom_final_cluster_1,
          sprint2_transparent_cluster_1, sprint2_second_timed_cluster_1,
          sprint2_sniper_area_1, sprint2_heavy_combat_area_1,
          sprint2_mutation_trap_area_1, sprint2_forest_area_1,
          sprint2_light_combat_area_1, sprint2_behind_water_1,
          sprint2_near_end_vault_1]

Skill      XL: |  1  2  3  4  5  6  7 |
---------------+----------------------+-----
Fighting       | 6 8 9 10 12 | 12.9
Long Blades    | 6 8 9 10 12 13 | 13.3
Armour         | 3 4 5 6 |  6.5
Dodging        | 3 4 5 6 |  6.8

Action                   |  1- 3 |  4- 6 |  7- 9 || total
-------------------------+-------+-------+-------++-------
Melee: Falchion          |     5 |    23 |    14 ||    42
       Headbutt          |     3 |     4 |     6 ||    13
       War axe           |       |       |     2 ||     2
       Punch             |       |       |     1 ||     1
Invok: Berserk           |     1 |     1 |       ||     2
Armor: Ring mail         |       |       |     2 ||     2
       Animal skin       |       |       |     1 ||     1
Dodge: Dodged            |     1 |     7 |     7 ||    15

Table legend: (Time is in decaauts)
 A = Elapsed time spent in this place.
 B = Non-inter-level travel time spent in this place.
 C = Inter-level travel time spent in this place.
 D = Time resting spent in this place.
 E = Time spent auto-exploring this place.
 F = Levels seen in this place.
 G = Mean time per level.
                   A        B        C        D        E       F      G
               +--------+--------+--------+--------+--------+-----+--------+
         Total |    691 |    691 |      0 |    515 |      0 |   1 |  691.0 |
       Dungeon |    691 |    691 |      0 |    515 |      0 |   1 |  691.0 |
               +--------+--------+--------+--------+--------+-----+--------+

Top non-repeatable levels by time:
       D: 691 daAuts
